 Dungeon Crawl Stone Soup version 0.29-a0-330-g52719c12eb (webtiles) character file.

Game seed: 2368025027203732404

352 Ajdolov the Summoner (level 6, -7/21 HPs)
             Began as a Felid Summoner on Apr 20, 2022.
             Was a Follower of Hepliaklqana.
             Mangled by a killer bee (8 damage)
             ... on level 9 of the Dungeon.
             The game lasted 00:16:42 (6694 turns).

Ajdolov the Summoner (Felid Summoner)               Turns: 6694, Time: 00:16:43

Health: -7/21      AC:  2    Str:  4    XL:     6   Next: 34%
Magic:  4/10       EV: 21    Int: 19    God:    Hepliaklqana [*.....]
Gold:   347        SH:  0    Dex: 16    Spells: 3/9 levels left
                                        Lives:  0   Deaths: 2

rFire   . . .      SeeInvis +   (weapon unavailable)
rCold   . . .      Faith    .   (shield unavailable)
rNeg    . . .      Spirit   .   (body armour unavailable)
rPois   .          Reflect  +   (helmet unavailable)
rElec   .          Harm     .   (cloak unavailable)
rCorr   .          Rampage  .   (gloves unavailable)
Will    .....                   (boots unavailable)
Stlth   +.........              e - amulet of reflection
HPRegen 0.07/turn               r - +4 ring of evasion
MPRegen 0.12/turn               (no ring)

@: confused, quick
A: reduced essence, very small, claws 1, fangs 3, see invisible, speed 1, shaggy
fur 2, stealthy paws, no weapons or thrown items, no armour, multi-lived
a: Renounce Religion, Recall Ancestor, Ancestor Identity


You were on level 9 of the Dungeon.
You worshipped Hepliaklqana.
Hepliaklqana was aware of your devotion.
You visited 2 branches of the dungeon, and saw 8 of its levels.

You collected 347 gold pieces.

Inventory:

Jewellery
 e - an amulet of reflection (around neck)
 r - a +4 ring of evasion (left paw)
Wands
 t - a wand of digging (7)
Scrolls
 b - a scroll of enchant weapon {unknown}
 c - 2 scrolls of fear {unknown}
 d - 2 scrolls of fog {unknown}
 f - 4 scrolls of teleportation {unknown}
 h - 2 scrolls of identify {unknown}
 j - a scroll of amnesia {unknown}
 o - 3 scrolls of noise {unknown}
 q - a scroll of vulnerability {unknown}
 s - a scroll of torment {unknown}
Potions
 a - a potion of magic
 g - a potion of ambrosia {unknown}
 i - 2 potions of lignification {unknown}
 k - a potion of invisibility {unknown}
 l - 2 potions of flight {unknown}
 m - a potion of attraction {unknown}
 n - a potion of berserk rage {unknown}
 p - a potion of degeneration {unknown}


   Skills:
 - Level 2.6 Dodging
 - Level 2.6 Stealth
 - Level 2.0 Spellcasting
 * Level 10.5 Summonings


You had 3 spell levels left.
You knew the following spells:

 Your Spells              Type           Power      Damage    Failure   Level
a - Summon Small Mammal   Summ           100%       N/A       1%          1
b - Call Imp              Summ           42%        N/A       1%          2
c - Call Canine Familiar  Summ           42%        N/A       1%          3

Your spell library contained the following spells:

 Spells                   Type           Power      Damage    Failure   Level
 Summon Guardian Golem    Hex/Summ       21%        N/A       6%          3
 Ensorcelled Hibernation  Hex/Ice        2%         N/A       26%         2
 Passwall                 Tmut/Erth      0%         N/A       26%         2
 Ozocubu's Armour         Ice            1%         N/A       45%         3
 Swiftness                Air            1%         N/A       45%         3
 Summon Ice Beast         Ice/Summ       21%        N/A       19%         4
 Summon Lightning Spire   Summ/Air       21%        N/A       19%         4
 Summon Mana Viper        Hex/Summ       21%        N/A       47%         5
 Leda's Liquefaction      Hex/Erth       0%         N/A       86%         4
 Monstrous Menagerie      Summ           21%        N/A       88%         7
 Ozocubu's Refrigeration  Ice            0%         4d5       100%        7
 Portal Projectile        Hex/Tloc       Unusable   N/A       N/A         3

Dungeon Overview and Level Annotations

Branches:
Dungeon (6/15)             Temple (1/1) D:5

Altars:
Cheibriados
Dithmenos
Elyvilon
Fedhas
Hepliaklqana
Kikubaaqudgha
Makhleb
Nemelex Xobeh
Okawaru
Qazlal
Sif Muna
Trog
Uskayaw
Xom
Yredelemnul
Zin
The Shining One


Innate Abilities, Weirdness & Mutations

Your life essence is reduced to manifest your ancestor. (-10% HP)
You have sharp claws.
You have razor-sharp teeth.
You have supernaturally acute eyesight. (SInv)
You cover ground quickly. (Speed+)
You are covered in thick fur. (AC +2)
Your paws help you pounce on unaware monsters.
You are incapable of wielding weapons or throwing items.
You cannot wear armour.
You gain extra lives every three experience levels.


Message History

You block the killer bee's attack. The killer bee misses you.
Casting: Summon Small Mammal (safe; 1% risk of failure)
Confirm with . or Enter, or press ? or * to list all spells.
You block the killer bee's attack. The killer bee stings you.
You are poisoned.
The killer bee poisons you!
Unknown command.
* * * LOW HITPOINT WARNING * * *
You feel sick. The killer bee closely misses you.
You see here a scroll labelled CIHAPT MO MIDGH.
The killer bee attacks as you move away!
The killer bee misses you.
You feel sick. The killer bee completely misses you.
Your wolf bites the killer bee.
The scorpion stings your wolf.
You feel sick.
The golden eye turns its gaze towards you.
You block the killer bee's attack.
The killer bee attacks as you move away!
The killer bee completely misses you.
You feel sick.
Your wolf barely misses the killer bee.
The killer bee barely misses your wolf. The golden eye blinks at you.
You are confused.
You feel sick. The killer bee completely misses you. The killer bee stings you.
* * * LOW HITPOINT WARNING * * *
Your wolf bites the killer bee!
There is a stone staircase leading down here.
Are you sure you want to stumble around while confused and next to your wolf?
Okay, then.
Are you sure you want to stumble around while confused and next to your wolf?
The killer bee attacks as you move away!
The killer bee completely misses you.
* * * LOW HITPOINT WARNING * * *
You feel sick.
You are no longer poisoned.
The killer bee closely misses you. The golden eye blinks at you.
You resist with almost no effort.
Your wolf barely misses the killer bee.
The killer bee completely misses you. The killer bee closely misses you.
Your wolf closely misses the killer bee.
The killer bee stings you!
You die...

########## #.$.##...#
#...##...#
###...##...###
#......#..o..########
.......!....o.<.....#
....z.=.............#
................@...#
.K......./.....yy...###
..?..$.........hs.....#
z.Y..........G........#
...K...$..........?...#
.K...P......####....###
.P..PYY...... #Y..##
#z.PPPY......###K..#
PPPP....PP....##...#


You could see a yak, an orc warrior, a scorpion, 2 killer bees, a golden eye, an
orc, a kobold and a friendly wolf (summoned).

Vanquished Creatures
  Eustachio (D:4)
  An orc priest (D:5)
  An adder (D:5)
  An ufetubus (D:5)
  A giant cockroach (D:3)
  A goblin (D:1)
  A hobgoblin (D:2)
  A ball python (D:3)
  A kobold (D:4)
  2 rats
11 creatures vanquished.

Vanquished Creatures (collateral kills)
  Sigmund (D:2)
  2 sky beasts
  3 phantoms (D:5)
  A bullfrog (D:9)
  2 jellies
  A hound (D:6)
  An iguana (D:6)
  An orc wizard (D:5)
  Robin (D:2)
  3 gnolls (D:3)
  5 adders
  A shadow imp (D:6)
  A white imp (D:5)
  6 worms
  11 orcs
  7 ball pythons
  4 endoplasms
  A giant cockroach (D:3)
  11 goblins
  7 hobgoblins
  3 jackals (D:3)
  7 bats
  3 frilled lizards
  7 kobolds
  4 rats
  A spectral hobgoblin (D:1)
95 creatures vanquished.

Vanquished Creatures (others)
  An ancestor (D:9)
  33 fungi
  18 plants
52 creatures vanquished.

Grand Total: 158 creatures vanquished

Notes
Turn   | Place    | Note
-------+----------+-------------------------------------------
     0 | D:1      | Ajdolov the Felid Summoner began the quest for the Orb.
     0 | D:1      | Reached XP level 1. HP: 7/7 MP: 4/4
   101 | D:1      | Found a faded altar of an unknown god.
   481 | D:1      | Reached XP level 2. HP: 11/11 MP: 1/6
   536 | D:1      | Learned a level 2 spell: Call Imp
  1254 | D:2      | Noticed Sigmund
  1435 | D:2      | Reached skill level 5 in Summonings
  1451 | D:2      | Reached XP level 3. HP: 14/14 MP: 4/7
  1455 | D:2      | Learned a level 3 spell: Call Canine Familiar
  1733 | D:2      | Noticed Robin
  1765 | D:2      | Killed Robin
  1996 | D:2      | Killed Sigmund
  1997 | D:2      | Reached skill level 7 in Summonings
  1997 | D:2      | Reached XP level 4. HP: 13/18 MP: 3/8
  1997 | D:2      | Reached XP level 5. HP: 15/21 MP: 3/9
  2108 | D:3      | Found a stormy altar of Qazlal.
  2235 | D:3      | Found a shadowy altar of Dithmenos.
  2435 | D:3      | Gained mutation: You are covered in thick fur. (AC +2)
                  | [Felid growth]
  2435 | D:3      | Reached XP level 6. HP: 24/24 MP: 4/10
  2507 | D:3      | Found a blossoming altar of Fedhas.
  2593 | D:3      | Found a glowing silver altar of Zin.
  2593 | D:3      | Found a glowing golden altar of the Shining One.
  2594 | D:3      | Found a white marble altar of Elyvilon.
  3306 | D:4      | Noticed Eustachio
  3629 | D:4      | Noticed a sky beast
  3911 | D:4      | Killed a sky beast
  3912 | D:4      | Reached skill level 8 in Summonings
  4368 | D:5      | Entered Level 5 of the Dungeon
  4368 | D:5      | Found a staircase to the Ecumenical Temple.
  4376 | Temple   | Entered the Ecumenical Temple
  4415 | Temple   | Became a worshipper of Hepliaklqana the Forgotten
  4882 | D:4      | Killed Eustachio
  4883 | D:4      | Reached XP level 7. HP: 19/27 MP: 7/11
  4997 | D:5      | Reached skill level 9 in Summonings
  5095 | D:5      | Found a shimmering altar of Xom.
  5484 | D:5      | Found a basalt altar of Yredelemnul.
  6109 | D:5      | Reached skill level 10 in Summonings
  6109 | D:5      | Reached XP level 8. HP: 26/31 MP: 9/12
  6621 | D:6      | You fall into a shaft and drop 3 floors!
  6628 | D:9      | Noticed a two-headed ogre
  6631 | D:9      | Slain by an orc warrior
  6632 | D:9      | Reached XP level 7. HP: 0/27 MP: 11/11
  6632 | D:9      | Noticed a troll
  6632 | D:9      | Noticed a yak
  6632 | D:9      | Noticed a yak
  6639 | D:9      | Noticed a yak
  6650 | D:9      | HP: 1/27 [poisoned by a killer bee]
  6651 | D:9      | Succumbed to a killer bee's poison
  6652 | D:9      | Reached XP level 6. HP: -1/24 MP: 8/10
  6652 | D:9      | Reached * piety under Hepliaklqana
  6655 | D:9      | Noticed a yak
  6655 | D:9      | Noticed a yak
  6656 | D:9      | Noticed a yak
  6657 | D:9      | Noticed a yak
  6678 | D:9      | Noticed a golden eye
  6693 | D:9      | HP: 1/21 [poisoned by a killer bee]
  6694 | D:9      | Mangled by a killer bee

Illustrated notes

Levels and vault maps discovered:
D:1:      dpeg_arrival_simpleton_c, layout_basic,
          dreamdust_ecumenical_altar_drowned_temple
D:2:      layout_rooms, uniq_sigmund, uniq_robin
D:3:      layout_rooms, good_gods_mini_temple, nicolae_qazlal_scattered_showers,
          lemuel_round_altar, lemuel_round_altar, corner_web_ring,
          minmay_misc_feat_rows
D:4:      layout_gridville, uniq_eustachio
D:5:      layout_basic, mainiacjoe_overflow_cross_hatched,
          mainiacjoe_overflow_concentric_impassable, temple_statues
D:6:      layout_rooms, serial_bayou_ford_a, dreamdust_mushroom_princess,
          minmay_pentangle, uniq_blork_the_orc
D:9:      layout_cross, grunt_lair_entry_orc_guard_hut
Temple:   jpeg_temple_island

Skill      XL: |  1  2  3  4  5  6  7 |
---------------+----------------------+-----
Summonings     | 5 7 8 10 | 10.5
Dodging        | |  2.6
Stealth        | |  2.6
Spellcasting   | |  2.0

Action                   |  1- 3 |  4- 6 |  7- 9 || total
-------------------------+-------+-------+-------++-------
Melee: Unarmed           |    20 |    21 |    10 ||    51
       Bite              |       |     3 |     2 ||     5
       Punch             |       |     1 |       ||     1
 Cast: Summon Small Mamm |    28 |    15 |     3 ||    46
       Call Imp          |    21 |    22 |     5 ||    48
       Call Canine Famil |     1 |    21 |    22 ||    44
  Use: Potion            |     1 |       |       ||     1
 Stab: Distracted        |       |     1 |     1 ||     2
Armor: Skin              |       |    10 |     2 ||    12
Dodge: Dodged            |    16 |   114 |    29 ||   159
Block: Other             |     5 |    30 |     6 ||    41

Table legend: (Time is in decaauts)
 A = Elapsed time spent in this place.
 B = Non-inter-level travel time spent in this place.
 C = Inter-level travel time spent in this place.
 D = Time resting spent in this place.
 E = Time spent auto-exploring this place.
 F = Levels seen in this place.
 G = Mean time per level.
                   A        B        C        D        E       F      G
               +--------+--------+--------+--------+--------+-----+--------+
         Total |   6013 |   5687 |    326 |    599 |   3613 |   8 |  751.6 |
       Dungeon |   5953 |   5654 |    299 |    599 |   3589 |   7 |  850.4 |
        Temple |     59 |     33 |     26 |      0 |     24 |   1 |   59.0 |
               +--------+--------+--------+--------+--------+-----+--------+

Top non-repeatable levels by time:
     D:4: 1572 daAuts
     D:5: 1335 daAuts
     D:1: 1081 daAuts
     D:3: 859 daAuts
     D:2: 802 daAuts
     D:6: 242 daAuts
  Temple: 59 daAuts
     D:9: 59 daAuts
